[Event "Turkish Championship 2022"]
[Site "Kemer-Antalya"]
[Date "2022.12.01"]
[Round "7.4"]
[White "Kilic, Eray"]
[Black "Yaran, Siar"]
[Result "1/2-1/2"]
[ECO "C65"]
[WhiteElo "2437"]
[BlackElo "2291"]
[Annotator "TA"]
[PlyCount "138"]
[EventDate "2022.11.25"]
[EventCountry "TUR"]
[SourceTitle "playchess.com"]
[Source "ChessBase"]
[SourceQuality "1"]
[TimeControl "40/5400+30:1800+30"]

1. e4 e5 2. Nf3 Nc6 3. Bb5 Nf6 4. d3 Ne7 5. O-O c6 6. Bc4 {[%emt 0:03:30] C65: Ruy Lopez: Berlin Defence (3...Nf6), unusual lines and 4 0-0 Bc5.} d6 7. c3 Ng6 8. Re1 Be7 9. Nbd2 O-O 10. Bb3 {[%emt 0:00:30] [#]} Re8 $146 ({Predecessor:} 10... a5 11. Nf1 b5 12. a4 b4 13. cxb4 axb4 14. d4 d5 15. dxe5 Nxe4 16. Be3 Bb7 {0-1 (34) Keber,A (1522)-Zeihen,M Mureck 2022}) 11. Nf1 Bf8 12. Ng3 h6 13. d4 Qc7 14. h3 Be6 15. dxe5 dxe5 16. Bxe6 Rxe6 17. Be3 Nf4 18. Qc2 Ree8 19. Rad1 Ne6 20. Nf5 (20. Rd2 {simplifies} a5 21. Red1 Red8 22. Rxd8 Rxd8 23. Rxd8 Nxd8 24. Ne1) 20... Rad8 21. a4 (21. Bxa7 $2 {is the wrong capture.} Rxd1 22. Rxd1 b6 23. Bxb6 (23. Qa4 $2 Nc5 $19) 23... Qxb6 $19) 21... Nc5 22. Bxc5 Bxc5 23. b4 {[%emt 0:00:30] [#] Strongly threatening Rxd8.} Bf8 24. Ne3 b5 25. Ra1 a6 26. axb5 axb5 27. Ra5 c5 28. Rxb5 {[%emt 0:05:07] The position is equal.} Qc6 29. c4 cxb4 30. Rxe5 Rxe5 (30... Nxe4 {seems wilder.} 31. Nd5 Ng5 32. Nd4 Rxe5 33. Rxe5 Qa8) 31. Nxe5 Qxe4 32. Qxe4 Nxe4 33. Nd5 {[%emt 0:00:05] Against b3} Nc3 34. Nc6 {[%emt 0:07:29][%csl LRb4,LRd8] Pair of Knights!} Ra8 35. Ncxb4 Bxb4 36. Nxb4 $11 {[%emt 0:00:02][%mdl 4096] Endgame KRN-KRN} Rc8 {[%emt 0:00:00] Inhibits c5.} 37. Nd3 Rxc4 38. Re8+ Kh7 39. Re7 f6 40. g3 Nd5 41. Rd7 Nb6 42. Rd8 Rc8 43. Rd6 Nc4 44. Ra6 Ne5 45. Nf4 Ng6 46. Nh5 {[%emt 0:04:30] [#] Threatens to win with Ra7.} Rc7 {[%emt 0:00:00] Against Ra7} 47. Ra8 Rf7 48. Kf1 Re7 49. Kg2 Rb7 50. Kf1 Re7 51. Rb8 Ra7 52. g4 Nh4 53. f4 f5 54. Rb5 Rf7 {[%emt 0:00:31] Hoping for ...g6.} 55. Kf2 fxg4 56. hxg4 g6 57. Kg3 $1 gxh5 58. Kxh4 hxg4 59. Kxg4 {[%emt 0:00:07] KR-KR} Kg7 60. f5 Rf6 61. Kf4 Ra6 62. Ke5 Kf7 63. Rb7+ Kf8 64. Rb8+ Kf7 65. Rb5 Kf8 66. Rb8+ Kf7 67. Rb7+ Kf8 68. Rb8+ Kf7 69. Rb7+ Kf8 {[%emt 0:00:00] Weighted Error Value: White=0.03 (flawless) /Black=0.03 (flawless)} 1/2-1/2

[Event "Turkish Championship 2022"]
[Site "Kemer-Antalya"]
[Date "2022.12.01"]
[Round "7.5"]
[White "Yilmazyerli, Mert"]
[Black "Koksal, Ege"]
[Result "1/2-1/2"]
[ECO "A38"]
[WhiteElo "2534"]
[BlackElo "2321"]
[Annotator "TA"]
[PlyCount "96"]
[EventDate "2022.11.25"]
[EventCountry "TUR"]
[SourceTitle "playchess.com"]
[Source "ChessBase"]
[SourceQuality "1"]
[TimeControl "40/5400+30:1800+30"]

1. c4 Nf6 2. Nc3 c5 3. Nf3 d5 4. cxd5 Nxd5 5. g3 Nc6 6. Nxd5 Qxd5 7. Bg2 g6 8. O-O Bg7 9. d3 O-O 10. Be3 Qd6 11. Rc1 Nd4 12. Nd2 {[%emt 0:07:30] A38: Symmetrical English vs ...g6: 4 Bg2 Bg7 5 Nf3 Nf6.} (12. Nxd4 {simplifies} cxd4 13. Bd2 Qe6 14. b3) 12... Bg4 13. Re1 (13. Bxd4 {with more complications.} Qxd4 14. Bxb7 Rab8 15. Nb3) 13... Qb6 {[%emt 0:04:30] [#]} 14. Bxd4 $146 ({Predecessor:} 14. Nc4 Qa6 15. Bxd4 Bxd4 16. Qb3 Rab8 17. a4 b5 18. axb5 Rxb5 19. Qc2 Rfb8 20. Rb1 {½-½ (43) Tan,Z (2483)-Ding,Y (2427) Xinghua 2013}) 14... Bxd4 15. Nc4 (15. Qa4 $5 Bf5 16. Nc4 $11) 15... Qf6 16. Rf1 Qe6 17. Rc2 Rab8 18. a4 b6 19. Qd2 Qd7 20. b3 Rfd8 21. Qf4 Be6 (21... a5 {is interesting.} 22. Bc6 Qc8 23. Bf3 Bh3) 22. Rb1 Bf6 23. h4 Qd4 24. Qc1 (24. Qxd4 {simplifies} Bxd4 25. a5 Bxc4 26. bxc4 bxa5 27. Rb5) 24... h5 25. b4 ({Better is} 25. a5 $11) 25... cxb4 $15 26. Rxb4 Rdc8 27. Qb1 Qa1 28. Qxa1 (28. Rc1 {simplifies} Qxb1 29. Rcxb1 Bxc4 30. Rxc4 Rxc4 31. dxc4 Rc8 32. Rc1) 28... Bxa1 {[%emt 0:00:03] This pair of bishops is nice.} 29. Kh2 a5 (29... Bd7 $15) 30. Rb1 $11 {[%emt 0:00:30] The position is equal.} Bd4 31. Bh3 f5 ({But not} 31... Bxf2 32. Bxe6 fxe6 33. e3 Rxc4 34. dxc4 (34. Rxc4 Bxe3 35. Rc6 Kf7 $16) 34... Bxe3 35. c5 $16) 32. e3 Bxc4 33. dxc4 Bc5 34. Rd1 Rd8 35. Rcd2 Rxd2 36. Rxd2 {[%emt 0:00:00][%mdl 4096] Endgame KRB-KRB} Kf7 37. Bg2 Bd6 38. Bc6 Kf6 39. Kg2 Rc8 40. Bb5 Rd8 41. f4 Bc7 42. Rxd8 Bxd8 {[%emt 0:00:00] KB-KB} 43. Be8 Bc7 44. Kf3 e5 45. fxe5+ Bxe5 46. Kg2 Bd6 47. Kf3 Be5 48. Kg2 Bd6 {[%emt 0:00:00] Weighted Error Value: White=0.09 (flawless) /Black=0.06 (flawless)} 1/2-1/2

[Event "Turkish Championship 2022"]
[Site "Kemer-Antalya"]
[Date "2022.12.02"]
[Round "8.1"]
[White "Yavuz, Efe Metehan"]
[Black "Koksal, Ege"]
[Result "1/2-1/2"]
[ECO "C42"]
[WhiteElo "2256"]
[BlackElo "2321"]
[Annotator "TA"]
[PlyCount "130"]
[EventDate "2022.11.25"]
[EventCountry "TUR"]
[SourceTitle "playchess.com"]
[Source "ChessBase"]
[SourceQuality "1"]
[TimeControl "40/5400+30:1800+30"]

1. e4 e5 2. Nf3 Nf6 3. Nxe5 d6 4. Nf3 Nxe4 5. d4 d5 6. Bd3 Nc6 7. O-O Be7 8. Nbd2 Nxd2 {[%emt 0:03:00] 8...Bf5 is the hot move.} 9. Bxd2 Bg4 10. c3 O-O {[%emt 0:01:00] C42: Petroff Defence: 3 Nxe5 and unusual White 3rd moves.} 11. h3 Bh5 12. g3 Qd7 {[%emt 0:03:00] White is slightly better.} 13. Kg2 Bg6 14. Bf4 (14. Bxg6 {with more complications.} fxg6 15. Qe2 Rae8 16. Qd3) 14... Bd6 15. Bxg6 hxg6 16. Qd2 {[%emt 0:02:30] [#]} (16. Bxd6 $14 Qxd6 17. h4) 16... Rfe8 $146 ({Predecessor:} 16... Rae8 17. Rfe1 Bxf4 18. Qxf4 f6 19. h4 Nd8 20. Rxe8 Rxe8 21. Re1 Rxe1 22. Nxe1 Nf7 {½-½ (31) Lagno,K (2550)-Ushenina,A (2426) Sitges 2021}) 17. Rfe1 Ne7 18. Bxd6 Qxd6 19. Re2 Nc6 20. Rae1 Rxe2 21. Qxe2 f6 $1 {[%emt 0:06:00] Prevents Ng5.} 22. b4 {[%emt 0:18:30] Hoping for b5.} Kf7 23. a4 Qd7 24. Qa2 (24. h4 {keeps more tension.} a5 25. b5 Ne7 26. Ng1) 24... Re8 (24... Rh8 {feels hotter.} 25. h4 g5 26. Kg1 gxh4 27. Nxh4 g5) 25. Rc1 Ne7 26. Re1 g5 (26... Rh8 {is more complex.} 27. h4 g5 28. Qe2 Nc8) 27. Qc2 Rh8 28. Ng1 Nf5 29. Qb3 c6 30. b5 Nd6 31. g4 Re8 (31... cxb5 32. Qxd5+ Kg6 33. axb5 $16) (31... Nc4 {seems wilder.} 32. bxc6 Qxc6 33. Nf3 g6) 32. bxc6 bxc6 ({Black should try} 32... Qxc6 $15 33. Rxe8 Kxe8) 33. Rb1 Qe7 34. Nf3 Nc4 35. Re1 {[%emt 0:01:10] Prevents Qe4.} Qc7 36. Rxe8 Kxe8 $11 {[%emt 0:00:00][%mdl 4096] Endgame KQN-KQN} 37. Qc2 Qf4 38. Qh7 Kf7 39. Qh5+ Kf8 40. Qh8+ Kf7 41. Qh5+ Kf8 42. Qh8+ Kf7 43. Qa8 Qc7 44. h4 Qd7 (44... Nb6 $5 45. Qh8 $8 Qf4 46. Qh5+ g6 47. Qh7+ Ke6 48. Nxg5+ (48. Qxa7 $2 {is the wrong capture.} Qxg4+ 49. Kf1 Nc4 $19) (48. Qg8+ Kd7 $11) 48... fxg5 49. Qxg6+ Ke7 50. Qg7+ Kd6 51. Qg6+ Kc7 52. Qg7+ Kd6 53. Qg6+ Kc7 54. Qg7+ Kd8 55. Qh8+ Ke7 56. Qg7+ Kd8 57. Qg8+ Ke7 58. Qg7+ $11) 45. Kh3 Nd6 46. hxg5 Ne4 $36 {[%emt 0:01:07][%csl LRc3,LRf2,LRg5][%mdl 2048] Black has some pressure.} 47. gxf6 {[%emt 0:02:11] Threatening mate with Ne5+.} gxf6 48. Qh8 Nxf2+ 49. Kg2 Ne4 50. Qh5+ Ke7 {[%emt 0:00:28] aiming for ...Qd6.} 51. Nh4 $1 Kd8 {[%emt 0:00:24] next ...Qd6 is good for Black.} 52. Qh8+ (52. Nf5 $11 {keeps the balance.}) 52... Kc7 (52... Qe8 $17 53. Qh6 Qe7) 53. Nf5 $15 Kb7 (53... Kb6 {simplifies} 54. Qb8+ Qb7 55. Qxb7+ Kxb7 56. c4 dxc4 57. Kf3 Ng5+) 54. Kf3 Qc7 {[%emt 0:00:48] Strongly threatening ...Qa5.} ({Don't play} 54... Nxc3 55. Qxf6 Kb6 56. Qg7 $14) 55. c4 Nd2+ $1 56. Ke2 Nxc4 {[%emt 0:00:22] ...Qf4 is the strong threat.} 57. Qxf6 {[%emt 0:01:43] [#]} Qh2+ $1 58. Kf3 {[%emt 0:00:10] [#]} Nd2+ $1 59. Ke3 Nc4+ 60. Kf3 Nd2+ 61. Ke3 Nf1+ 62. Kf3 Nd2+ 63. Ke3 Ne4 {[%emt 0:00:30] ( -> ...Qf2+)} 64. Qh4 {[%emt 0:00:30] Inhibits Qf2+.} (64. Qe7+ $17 Ka6 65. Qb4) 64... Qd2+ $19 65. Kf3 Ka6 {[%emt 0:00:01] Weighted Error Value: White=0.12 (very precise) /Black=0.10 (very precise)} 1/2-1/2

[Event "Turkish Championship 2022"]
[Site "Kemer-Antalya"]
[Date "2022.12.02"]
[Round "8.2"]
[White "Yaran, Siar"]
[Black "Yilmazyerli, Mert"]
[Result "1/2-1/2"]
[ECO "B25"]
[WhiteElo "2291"]
[BlackElo "2534"]
[Annotator "TA"]
[PlyCount "116"]
[EventDate "2022.11.25"]
[EventCountry "TUR"]
[SourceTitle "playchess.com"]
[Source "ChessBase"]
[SourceQuality "1"]
[TimeControl "40/5400+30:1800+30"]

1. e4 c5 2. Nc3 d6 3. f4 g6 4. Nf3 Bg7 5. g3 Nc6 6. Bg2 e6 7. O-O Nge7 8. d3 O-O 9. Bd2 Rb8 10. a3 b5 11. Rb1 c4 {[%emt 0:04:30] B25: Closed Sicilian: 3 g3, lines without early Be3.} 12. Be3 cxd3 13. Qxd3 b4 14. axb4 Nxb4 15. Qd2 Qc7 {[%emt 0:00:00] [#]} 16. Bd4 $146 ({White should try} 16. Nd4 $14) ({Predecessor:} 16. Rfd1 Rd8 17. Qf2 a5 18. g4 Bd7 19. f5 Nec6 20. f6 Bxf6 21. Ng5 Bxg5 22. Bxg5 {0-1 (41) Rubinetti,J-Najdorf,M Mar del Plata 1969}) 16... e5 $11 17. Be3 Be6 18. f5 (18. Rf2 $11) 18... gxf5 $15 19. Bh6 f6 20. Nh4 d5 (20... Bxh6 $1 $15 21. Qxh6 Nxc2 22. exf5 Bb3) 21. exd5 Rbd8 22. Bxg7 {[%emt 0:02:30] Chess con chili.} Kxg7 23. Rbd1 Nbxd5 24. Nxd5 Nxd5 25. Bxd5 (25. Nxf5+ $2 {perishes.} Bxf5 26. Bxd5 Bxc2 $19) 25... Qc5+ 26. Qf2 Qxf2+ 27. Kxf2 Bxd5 28. Nxf5+ Kf7 29. Ra1 Rd7 30. Rfd1 Rfd8 31. Ne3 {[%emt 0:00:00] The position is equal.} Kg6 32. Nxd5 Rxd5 33. Rxd5 Rxd5 $11 {[%emt 0:00:00][%mdl 4096] Endgame KR-KR} 34. Ke3 {[%emt 0:00:00] Prevents Rd2.} ({But not} 34. Rxa7 Rd2+ 35. Kg1 Rxc2 $15) 34... a5 35. c4 Rc5 36. Kd3 f5 37. Kc3 f4 38. gxf4 exf4 39. Kd4 Rh5 40. b3 Rxh2 41. Rxa5 f3 42. Ra1 Re2 43. Rf1 f2 44. b4 Kf6 45. Kc5 Ke5 46. b5 Rb2 47. Kb6 {[%emt 0:03:12] [#] And now c5 would win.} Kd4 48. c5 {[%emt 0:00:21] aiming for c6.} Ke3 ({Don't take} 48... Kc4 49. Rc1+ Kd3 50. c6 $16) 49. c6 Ke2 $1 50. Rxf2+ Kxf2 {[%emt 0:00:07] KR-KPP} 51. Ka6 (51. c7 $5 Rc2 $8 52. Kb7 $11) 51... Ra2+ 52. Kb7 {[%emt 0:00:30] [#] Strongly threatening c7.} h5 53. c7 Rc2 54. b6 h4 55. c8=Q Rxc8 56. Kxc8 {[%emt 0:00:30] White threatens b7 and mate.} h3 57. b7 h2 58. b8=Q h1=Q {[%emt 0:00:00] Weighted Error Value: White=0.06 (flawless) /Black=0.05 (flawless)} 1/2-1/2

[Event "Turkish Championship 2022"]
[Site "Kemer-Antalya"]
[Date "2022.12.02"]
[Round "8.3"]
[White "Agdelen, Huseyin Can"]
[Black "Kilic, Eray"]
[Result "0-1"]
[ECO "B51"]
[WhiteElo "2416"]
[BlackElo "2437"]
[Annotator "TA"]
[PlyCount "92"]
[EventDate "2022.11.25"]
[EventCountry "TUR"]
[SourceTitle "playchess.com"]
[Source "ChessBase"]
[SourceQuality "1"]
[TimeControl "40/5400+30:1800+30"]

1. e4 c5 2. Nf3 d6 3. Bb5+ Nd7 4. O-O a6 5. Bd3 Ngf6 6. Re1 {[%emt 0:00:30] B51: Sicilian: Moscow Variation (3 Bb5+) without 3...Bd7.} Qc7 7. Bf1 {[%emt 0:08:30] [#]} b6 $146 ({Predecessor:} 7... Ne5 8. Nxe5 dxe5 9. a4 b6 10. Na3 g6 11. Nc4 Bg4 12. f3 Be6 13. d3 h5 {0-1 (44) Kovalev,V (2623)-Giri,A (2772) Chess.com INT 2022}) 8. c4 {[%emt 0:07:30] The position is equal.} Bb7 9. Nc3 e6 10. d4 cxd4 11. Nxd4 Be7 12. b3 b5 {[%emt 0:11:30] [#]} (12... O-O $14) 13. Bb2 (13. Nd5 $1 $16 exd5 14. exd5) 13... b4 {[%emt 0:07:30] [#]} (13... bxc4 {simplifies} 14. Bxc4 O-O 15. Bxe6 fxe6 16. Nxe6 Qb6) 14. Nd5 exd5 15. exd5 {[%emt 0:00:00] And now Nf5 would win.} Kd8 (15... Ne5 16. Nf5 $16) ({Black should try} 15... Kf8 $14) 16. Nf5 $1 $18 (16. Qe2 Re8 $11) 16... Bf8 {[%emt 0:01:30] [#]} (16... Ne5 $2 17. Nxe7 Kxe7 18. f4) 17. Qd2 $1 h6 (17... Kc8 $142) 18. Qxb4 Kc8 19. Qd2 {[%emt 0:07:30][%mdl 1024] White has strong compensation.} g6 (19... h5 {might work better.} 20. g3 Kb8) 20. Ne7+ Kd8 {[%emt 0:00:44] [#]} 21. Bc3 $1 a5 (21... Bxe7 22. Ba5) 22. Nc6+ Bxc6 23. dxc6 Qxc6 24. Bxa5+ Kc8 (24... Rxa5 $142 25. Qxa5+ Qc7 26. Qa8+ Qb8 27. Qa5+ Qc7 28. Qa8+ Qb8 29. Qxb8+ Nxb8) 25. Bc3 Bg7 26. Qb2 {[%emt 0:00:23] Black must now prevent g3.} Ne5 {[%emt 0:01:34] [#]} 27. Bd4 $1 Nh5 $2 (27... Re8 {was worth a try.} 28. f4 (28. c5 Kd8 $16) 28... Nfd7) 28. Rad1 (28. c5 $142 {cxd6 is the strong threat.} Nf4 29. cxd6) 28... Nf4 29. Bxe5 ({Only move:} 29. c5 $1 $18 {[%cal Rc5d6] Strongly threatening cxd6.} Kb7 30. Qc3 (30. Qd2 Nh3+ 31. Kh1 dxc5 $16)) 29... dxe5 $11 (29... Bxe5 30. Rxe5 dxe5 31. Qxe5 $16) 30. g3 ({White should play} 30. c5 $11) 30... Ne6 $15 31. Bg2 {[%emt 0:04:01] Inhibits e4. White is on the road to losing.} (31. Qb1 $15) 31... e4 $1 $17 32. Qe2 (32. Qc2 $17 f5 33. Rxe4 fxe4 34. Bxe4) 32... f5 $19 33. c5 {[%emt 0:00:00] Hoping for Rd6.} Nd4 (33... Qxc5 34. Rc1 Bc3 35. Qe3 Qxe3 36. Rxe3 $11) 34. Qc4 Rd8 ({Worse is} 34... Rxa2 35. Rxd4 Bxd4 36. Qxd4 $11) 35. Kh1 Rxa2 36. Qf7 Qf6 {[%emt 0:00:25] Black is clearly winning.} 37. Qc4 Qa6 (37... Rxf2 $2 {perishes.} 38. Qa4 $19) 38. Qf7 Be5 39. c6 Qxc6 ({Not} 39... Rxf2 40. Rxd4 Bxd4 41. Qe6+ Kc7 42. Qe7+ Kc8 43. Qe6+ Kc7 44. Qe7+ Kc8 45. Qe6+ $11) 40. b4 Qe6 41. Qxe6+ Nxe6 42. Rxd8+ Nxd8 43. f3 e3 44. f4 {[%emt 0:02:30] Against e2} Ra1 45. Rxa1 Bxa1 46. Kg1 Ne6 {[%emt 0:00:00] Weighted Error Value: White=0.56/Black=0.28 (precise)} 0-1

[Event "Turkish Championship 2022"]
[Site "Kemer-Antalya"]
[Date "2022.12.02"]
[Round "8.4"]
[White "Isik, Alparslan"]
[Black "Ozsakallioglu, Okan"]
[Result "1/2-1/2"]
[ECO "B07"]
[WhiteElo "2463"]
[BlackElo "2288"]
[Annotator "TA"]
[PlyCount "72"]
[EventDate "2022.11.25"]
[EventCountry "TUR"]
[SourceTitle "playchess.com"]
[Source "ChessBase"]
[SourceQuality "1"]
[TimeControl "40/5400+30:1800+30"]

1. d4 d6 2. Nf3 g6 3. e4 Bg7 4. Bd3 Nf6 5. O-O O-O 6. c3 Bg4 7. Nbd2 e5 {[%emt 0:05:30] B07: Pirc Defence: Miscellaneous Systems.} 8. h3 Bxf3 9. Nxf3 ({Much worse is} 9. Qxf3 exd4 10. cxd4 Nc6 $11) 9... Nbd7 {[%emt 0:00:30] White is slightly better.} 10. Bg5 c6 11. a4 {[%emt 0:01:30] White is more active.} h6 12. Bh4 {[%emt 0:00:30] [#]} g5 $146 ({Predecessor:} 12... Re8 13. Qc2 g5 14. Bg3 Nh5 15. a5 a6 16. Rfe1 Rb8 17. b4 Kh8 18. Rad1 Qe7 {0-1 (40) Eljanov,P (2742)-Mamedov,R (2660) Moscow 2010}) 13. Bg3 d5 14. Nxe5 Nxe4 15. Nxd7 Qxd7 16. Bh2 f5 17. Qc2 Rae8 18. f3 Nd6 19. Bxd6 Qxd6 20. Bxf5 c5 21. dxc5 Qxc5+ 22. Kh1 d4 {[%emt 0:00:00] Prevents f4.} 23. Bg6 Re7 24. cxd4 Qxc2 25. Bxc2 Bxd4 26. Rae1 Rfe8 27. Rxe7 Rxe7 $14 {[%emt 0:00:30][%mdl 4096] Endgame KRB-KRB} 28. b3 Re3 29. Rd1 Bc3 30. Rd8+ Kf7 {[%emt 0:00:30] The position is equal.} 31. Kg1 Be1 32. g4 Bh4 {[%emt 0:00:30] [#] And now ...Re1+ would win.} 33. Be4 Re1+ 34. Kg2 Re2+ 35. Kf1 Re1+ 36. Kg2 Re2+ {[%emt 0:00:00] Weighted Error Value: White=0.07 (flawless) /Black=0.05 (flawless)} 1/2-1/2

[Event "Turkish Championship 2022"]
[Site "Kemer-Antalya"]
[Date "2022.12.02"]
[Round "8.5"]
[White "Gokbulut, Yulia"]
[Black "Yilmaz, Mustafa"]
[Result "0-1"]
[ECO "E46"]
[WhiteElo "1912"]
[BlackElo "2621"]
[Annotator "TA"]
[PlyCount "90"]
[EventDate "2022.11.25"]
[EventCountry "TUR"]
[SourceTitle "playchess.com"]
[Source "ChessBase"]
[SourceQuality "1"]
[TimeControl "40/5400+30:1800+30"]

1. d4 Nf6 2. c4 e6 3. Nc3 Bb4 4. e3 O-O 5. Nge2 Re8 6. a3 Bf8 $1 7. Qc2 {[%emt 0:02:30] E46: Nimzo-Indian: Rubinstein: 4 e3 0-0 5 Ne2 without early Bd3.} d5 {[%emt 0:04:30] [#]} 8. Bd2 $146 ({Predecessor:} 8. cxd5 exd5 9. Nf4 c6 10. Bd3 Nbd7 11. Bd2 Qe7 12. f3 Qd6 13. O-O-O b5 14. Nce2 a5 {1-0 (57) Martins,V (2299)-Matveeva,O (2145) Chess.com INT 2021}) 8... b6 9. cxd5 {[%emt 0:04:30] The position is equal.} exd5 10. Nf4 c5 11. dxc5 d4 12. Nd1 (12. Bb5 $15 Bd7 13. Bxd7 Nbxd7 14. Nce2) 12... Nc6 13. Be2 dxe3 (13... Bxc5 14. b4 dxe3 15. fxe3 $11) 14. Bxe3 (14. fxe3 $17 Ne4 15. cxb6) 14... Nd4 $19 15. Bxd4 Qxd4 16. Qd2 Qxc5 (16... Bxc5 17. Qxd4 Bxd4 18. O-O $17) 17. Nd3 Qd4 18. Nf4 Qe5 {[%emt 0:03:30] ...Ba6 is the strong threat.} 19. Nc3 Bb7 {[%emt 0:02:30] Threatens to win with ...Rad8.} 20. O-O (20. Nd3 $17 Qf5 21. O-O) 20... Bd6 21. g3 {[%emt 0:00:38] [#]} (21. Rfd1 $142 Rad8 22. Bb5 Qxf4 23. Qxf4 Bxf4 24. Bxe8 Rxe8 25. Nb5) 21... Ne4 $1 22. Qd3 Bc5 $2 (22... Nxc3 $19 23. bxc3 Bc5) 23. Nxe4 $15 Bxe4 {[%emt 0:01:14] A strong pair of Bishops.} 24. Qb3 Bb7 $40 {[%emt 0:05:42][%mdl 128] Black attacks.} (24... Qf6 $15) 25. Bc4 $1 $11 Re7 {[%emt 0:03:08][%cal Be8e7,Be7d7,Bd7d2][%mdl 32] And now ...Rd8 would win.} ({Much less strong is} 25... Qe4 26. Bxf7+ Kh8 27. Bd5 Bxd5 28. Nxd5 $14 (28. Qxd5 Bd4 $14)) (25... Qf5 {seems wilder.} 26. Bd5 Bxd5 27. Qxd5 Qf6) 26. Bd5 Bxd5 27. Nxd5 (27. Qxd5 {simplifies} Qxd5 28. Nxd5 Rd7 29. Nc3) 27... Rd7 28. Rad1 (28. Nf4 $11 {remains equal.}) 28... Rad8 $17 {[%emt 0:03:27][%cal Rd7d5,Ba8d8,Bd8d2,Bd2f2][%mdl 32] Black continues to play with concentration.} 29. Nc3 Rd2 {[%emt 0:02:00] Prevents Qc2. Black is more active.} 30. Rxd2 (30. Qa4 $17) 30... Rxd2 $19 31. Qb5 {[%emt 0:01:22] [#]} (31. Na4 $142) 31... Rxf2 $1 32. Rxf2 Qe1+ {[%emt 0:00:30][%mdl 64] Pin, Double Attack} 33. Qf1 (33. Kg2 $142 Qxf2+ 34. Kh3) 33... Bxf2+ 34. Kg2 Qxf1+ 35. Kxf1 {[%emt 0:00:30][%mdl 4096] Endgame KB-KN} Bd4 36. Nd1 f5 37. Ke2 Kf7 38. Kd3 Bg1 39. h3 Ke6 40. Nc3 Ke5 41. b4 Bf2 42. Ne2 b5 {[%emt 0:03:30] Black is clearly winning.} 43. Nc3 a6 (43... Bxg3 $2 {is the wrong capture.} 44. Nxb5 Bf2 45. Ke2 $19) 44. a4 Be1 {[%emt 0:04:32] aiming for ...Bxc3.} 45. axb5 Bxc3 {[%emt 0:01:08] Weighted Error Value: White=0.43/Black=0.10 (very precise)} (45... Bxg3 46. bxa6 Bf2 47. Na4 $18) ({Wrong is} 45... axb5 $2 46. Nxb5 Bxg3 47. Nd4 $19) 0-1

[Event "Turkish Championship 2022"]
[Site "Kemer-Antalya"]
[Date "2022.12.03"]
[Round "9.1"]
[White "Yilmaz, Mustafa"]
[Black "Yavuz, Efe Metehan"]
[Result "1/2-1/2"]
[ECO "E54"]
[WhiteElo "2621"]
[BlackElo "2256"]
[Annotator "TA"]
[PlyCount "44"]
[EventDate "2022.11.25"]
[EventCountry "TUR"]
[SourceTitle "playchess.com"]
[Source "ChessBase"]
[SourceQuality "1"]
[TimeControl "40/5400+30:1800+30"]

1. d4 Nf6 2. c4 e6 3. Nc3 Bb4 4. e3 O-O 5. Bd3 d5 6. Nf3 dxc4 7. Bxc4 c5 8. O-O cxd4 9. exd4 b6 10. Bg5 Bb7 11. Ne5 Nc6 {[%emt 0:05:30] [#]} (11... h6 $5 12. Bxf6 Qxf6 $11) 12. Ba6 $1 {[%emt 0:40:30] E54: Nimzo-Indian: Rubinstein: Main Line: 7...dxc4 8 Bxc4.} Bxa6 {[%emt 0:08:30] The position is equal.} 13. Nxc6 Qd6 14. Bxf6 gxf6 ({Don't take} 14... Qxc6 15. Qg4 g6 16. Rfd1 $14) 15. Qg4+ Kh8 {[%emt 0:00:30] [#]} 16. Qh4 $146 {[%emt 0:00:30] [#] And now Nxb4 would win.} ({Predecessor:} 16. Qf3 f5 17. Rfd1 Bxc3 18. Qxc3 Rac8 19. d5+ f6 20. Qa3 Qxa3 21. bxa3 exd5 22. Ne7 {1-0 (50) Babula,V (2565)-Wells,P (2492) Germany 1999}) 16... Qxc6 17. Qxf6+ Kg8 18. Qg5+ Kh8 19. Qf6+ Kg8 {[%emt 0:00:00] Threatens to win with ...Bd3.} 20. Qg5+ Kh8 21. Qf6+ Kg8 {[%emt 0:00:30] Hoping for ...Bd3.} 22. Qg5+ Kh8 {[%emt 0:00:30] An interesting draw.   Weighted Error Value: White=0.04 (flawless) /Black=0.08 (flawless)} 1/2-1/2